 Dungeon Crawl Stone Soup version 0.26-a0-366-gd6aadd2 (webtiles) character file.

Game seed: 1934358355490058871

231370 MrTaco21 the Hoplite (level 19, -6/124 HPs)
             Began as a Gargoyle Fighter on July 19, 2020.
             Was the Champion of Qazlal.
             Mangled by a slime creature (10 damage)
             ... on level 6 of the Lair of Beasts.
             The game lasted 01:20:35 (35732 turns).

MrTaco21 the Hoplite (Gargoyle Fighter)            Turns: 35732, Time: 01:20:36

Health: -6/124     AC: 43    Str: 31      XL:     19   Next: 5%
Magic:  6/19       EV: 12    Int: 12      God:    Qazlal [******]
Gold:   2129       SH:  0    Dex: 15 (16) Spells: 18/18 levels left

rFire    + + .     SeeInvis .   f - +9 demon whip (elec)
rCold    + . .     Faith    .   O - +7 tower shield of the Constellations {-Tele Str+6}
rNeg     + . .     Spirit   .   J - +3 plate armour {rC+}
rPois    ∞         Reflect  +   e - +0 hat
rElec    +         Harm     .   C - +0 cloak {Stlth+}
rCorr    .         NoTele   +   Z - +1 pair of gloves {Dex+3}
MR       +....                  y - +2 pair of boots
Stlth    ..........             Q - amulet of reflection
HPRegen  0.30/turn              B - ring of Kyseihit {Wiz Slay+3}
MPRegen  0.16/turn              h - ring of Qeeruzxocis {*Contam rF++ EV+4 Dex+4}

@: confused, protected from physical damage, flying, repel missiles
A: big wings, blurry vision 1, deterioration 1, negative energy resistance 1,
screaming 1, electricity resistance, unbreathing, petrification resistance, rot
immunity, AC +14
}: 2/15 runes: decaying, gossamer
a: Stop Flying, Upheaval, Elemental Force, Disaster Area, Renounce Religion


You were on level 6 of the Lair of Beasts.
You worshipped Qazlal.
Qazlal was exalted by your worship.
You visited 7 branches of the dungeon, and saw 33 of its levels.
You also visited: Ossuary.

You collected 4138 gold pieces.
You spent 2009 gold pieces at shops.

Inventory:

Hand Weapons
 f - a +9 demon whip of electrocution (weapon)
   (You bought it in a shop on level 2 of the Orcish Mines)
Missiles
 a - 108 poisoned darts (quivered)
Armour
 e - a +0 hat (worn)
   (You found it on level 1 of the Spider Nest)
 y - a +2 pair of boots (worn)
   (You found it on level 1 of the Spider Nest)
 C - a +0 cloak of stealth (worn)
   (You found it on level 2 of the Spider Nest)
 J - a +3 plate armour of cold resistance (worn)
   (You bought it in a shop on level 2 of the Orcish Mines)
 O - the +7 tower shield of the Constellations (worn) {-Tele Str+6}
   (You found it on level 6 of the Dungeon)

   It affects your strength (+6).
   It prevents most forms of teleportation.
 Z - a +1 pair of gloves of dexterity (worn)
   (You bought it in a shop on level 2 of the Orcish Mines)
Jewellery
 h - the ring of Qeeruzxocis (right hand) {*Contam rF++ EV+4 Dex+4}
   (You found it on level 9 of the Dungeon)

   [ring of evasion]

   It affects your evasion (+4).
   It affects your dexterity (+4).
   It greatly protects you from fire.
   It causes magical contamination when unequipped.
 B - the ring of Kyseihit (left hand) {Wiz Slay+3}
   (You took it off a vampire knight on level 4 of the Swamp)

   [ring of wizardry]

   It improves your spell success rate.
   It affects your accuracy and damage with ranged weapons and melee attacks
   (+3).
 Q - an amulet of reflection (around neck)
   (You found it on level 11 of the Dungeon)
Wands
 c - a wand of disintegration (41)
   (You found it on level 1 of the Lair of Beasts)
 d - a wand of iceblast (31)
   (You found it on level 6 of the Dungeon)
 l - a wand of enslavement (10)
   (You found it on level 3 of the Lair of Beasts)
 t - a wand of flame (54)
   (You took it off Crazy Yiuf on level 5 of the Dungeon)
 u - a wand of paralysis (36)
   (You found it on level 2 of the Swamp)
 v - a wand of digging (8)
   (You found it on level 10 of the Dungeon)
 P - a wand of clouds (8)
   (You found it on level 11 of the Dungeon)
 V - a wand of polymorph (12)
   (You found it on level 4 of the Lair of Beasts)
Scrolls
 b - 17 scrolls of teleportation {@r4}
 m - 9 scrolls of amnesia
 n - a scroll of blinking
 o - 7 scrolls of fog
 p - 4 scrolls of identify {@r1}
 q - 10 scrolls of fear
 r - 10 scrolls of immolation {!r}
 s - 2 scrolls of silence
 x - 13 scrolls of remove curse {@r2}
 A - a scroll of holy word
 F - 5 scrolls of enchant armour
 H - a scroll of enchant weapon
 K - 4 scrolls of magic mapping
 L - 4 scrolls of vulnerability {!r}
 S - 3 scrolls of summoning
Potions
 g - 4 potions of berserk rage
 i - 6 potions of heal wounds {@q2}
 j - 11 potions of stabbing
 k - 5 potions of cancellation
 w - 5 potions of magic
 z - 7 potions of mutation {!q}
 D - 11 potions of curing {@q1}
 E - 3 potions of lignification {!q}
 G - a potion of brilliance
 I - a potion of haste {@q3}
 M - a potion of invisibility
 N - 6 potions of might
 T - 3 potions of ambrosia
 W - a potion of resistance


   Skills:
 - Level 15.1 Fighting
 - Level 14.0 Maces & Flails
 - Level 12.3 Armour
 + Level 24.8 Shields


You had 18 spell levels left.
You didn't know any spells.
Your spell library contained the following spells:

 Spells                   Type           Power        Failure   Level
 Animate Skeleton         Necr           #.....       58%         1
 Beastly Appendage        Tmut           #.....       58%         1
 Foxfire                  Conj/Fire      #...         58%         1
 Magic Dart               Conj           #...         58%         1
 Pain                     Necr           #...         58%         1
 Sting                    Tmut/Pois      #...         58%         1
 Blink                    Tloc           N/A          73%         2
 Call Imp                 Summ           #.......     73%         2
 Poisonous Vapours        Pois/Air       #.....       73%         2
 Slow                     Hex            #.......     73%         2
 Wereblood                Tmut           #.......     73%         2
 Conjure Flame            Conj/Fire      #.......     91%         3
 Ignite Poison            Fire/Tmut/Pois #.......     91%         3
 Inner Flame              Hex/Fire       #.......     91%         3
 Mephitic Cloud           Conj/Pois/Air  #.......     91%         3
 Spider Form              Tmut/Pois      #.........   91%         3
 Static Discharge         Conj/Air       #.......     91%         3
 Vampiric Draining        Necr           #.........   91%         3
 Animate Dead             Necr           #.........   100%        4
 Ice Form                 Ice/Tmut       #.......     100%        4
 Olgreb's Toxic Radiance  Pois           #.......     100%        4
 Sticky Flame             Conj/Fire      #.......     100%        4
 Agony                    Necr           #.......     100%        5
 Blade Hands              Tmut           #.........   100%        5
 Fireball                 Conj/Fire      #.........   100%        5
 Lightning Bolt           Conj/Air       #.........   100%        5
 Ignition                 Fire           #.........   100%        8
 Shatter                  Erth           #.........   100%        9
 Tornado                  Air            #.........   100%        9


Dungeon Overview and Level Annotations

Branches:
Dungeon (15/15)            Temple (1/1) D:7            Lair (6/6) D:11
  Swamp (4/4) Lair:3       Spider (4/4) Lair:3        Slime (1/5) Lair:6
    Orc (2/2) D:12            Elf (0/3) Orc:2        Vaults (0/5) D:13
 Depths (0/5) D:15        Ossuary (visited)

Altars:
Ashenzari
Cheibriados
Dithmenos
Elyvilon
Fedhas
Gozag
Hepliaklqana
Kikubaaqudgha
Makhleb
Nemelex Xobeh
Okawaru
Qazlal
Ru
Sif Muna
Trog
Uskayaw
Vehumet
Wu Jian
Xom
Yredelemnul
Zin
The Shining One
Beogh

Shops:
D:4 (   D:6 ?   D:10 (*   D:11 }   D:14 *   Orc:2 *[=(

Portals:
Hell: Lair:6

Annotations:
D:12 Fannar
Lair:1 exclusion: 3 oklob plants


Innate Abilities, Weirdness & Mutations

You are resistant to torment.
Your stone body is resilient. (AC +14)
You are immune to poison.
Your large and strong wings let you fly indefinitely.
You resist negative energy. (rN+)
You are resistant to electric shocks. (rElec)
You can survive without breathing.
You are immune to petrification.
You are immune to rotting.
Scrolls take you a little longer to read.
Your body sometimes deteriorates upon taking damage.
You occasionally shout uncontrollably at your foes.


Message History

The very large slime creature hits you but does no damage.
Unknown command.
You punish the very large slime creature, causing immense pain!!!
Unknown command.
You whack the shining eye! The golden eye blinks at you.
You easily resist.
The large slime creature hits you!
You feel more protected from physical attacks.
The slime creature barely misses you.
The large slime creature barely misses you.
The slime creature barely misses you.
The very large slime creature hits you!!
* * * LOW HITPOINT WARNING * * *
You completely miss the golden eye.
Unknown command.
You thrash the slime creature!!
Lightning courses through the slime creature!
The large slime creature hits you!
* * * LOW HITPOINT WARNING * * *
Your body deteriorates!
You feel clumsy.
The slime creature hits you but does no damage.
The large slime creature closely misses you.
The slime creature barely misses you.
The very large slime creature hits you!!
* * * LOW HITPOINT WARNING * * *
You feel more protected from physical attacks.
The eye of draining gazes at you.
You feel your power leaking away.
You feel much better. The golden eye blinks at you.
You resist with some effort.
The large slime creature hits you but does no damage.
The slime creature hits you but does no damage.
The large slime creature completely misses you.
The slime creature hits you but does no damage.
The very large slime creature misses you.
You feel much better.
The golden eye is engulfed in blazing flames.
You kill the golden eye!
Qazlal accepts your kill.
The slime creature hits you but does no damage.
The slime creature hits you.
* * * LOW HITPOINT WARNING * * *
The large slime creature barely misses you.
The very large slime creature hits you!!!
* * * LOW HITPOINT WARNING * * *
The large slime creature completely misses you.
Unknown command.
The slime creature hits you!
You die...

##......................
##.......................
##........................
#.#.....................PP
##...................##...
#.....#.#..........###.PP
#.....○...☼........##.P.P
###....○...§..........#....
#....#.○GJ@☼○#.......#.....
##......JJJ°....##.......(.
##...#..J.G..#........#P#.#
#.#.....○°...........#####.
##....................##.#.
##.....#.#................
##.......................
#....^...................
##...................##P+


You could see a very large slime creature, 2 large slime creatures, 2 slime
creatures, a shining eye and an eye of draining.

Vanquished Creatures
  Arachne (Spider:3)
  Jorgrun (D:14)
  Rupert (Spider:1)
  The ghost of Caerwyn the Warrior, an adept MfGl of Gozag (Spider:2)
  The ghost of Garesar the Phalangite, an adept MfFi of Okawaru (Spider:2)
  Agnes (Spider:4)
  Kirke (D:14)
  5 thorn hunters
  The ghost of jtd910 the Blocker, an adept HuIE of Cheibriados (Swamp:4)
  3 ghost moths (Spider:4)
  8 emperor scorpions
  2 orc warlords
  4 entropy weavers
  The ghost of jtd910 the Severer, a journeyman MiBe of Trog (Lair:6)
  A hydra skeleton (Swamp:4)
  2 vampire knights
  Josephine (Orc:1)
  3 fire dragons
  2 vault guards (D:13)
  A ghost crab (Swamp:3)
  6 centaur warriors
  19 hydras
  10 alligators
  7 shambling mangroves
  A tengu warrior (D:13)
  6 two-headed ogres
  5 orc high priests
  A sun demon (Lair:6)
  A fire crab (shapeshifter) (D:15)
  2 flayed ghosts (Swamp:4)
  3 spriggan druids
  5 swamp dragons
  4 spectral hydras
  2 deep elf archers
  2 wizards
  2 lindwurms
  A necromancer (Lair:4)
  21 ugly things
  9 orc knights
  29 wolf spiders
  17 orb spiders
  5 oklob plants
  2 manticores
  3 cyclopes
  5 orc sorcerers
  A moth of wrath (Spider:1)
  4 black mambas
  2 orange demons (Lair:6)
  3 elephants (Lair:2)
  A smoke demon (Lair:6)
  Psyche (D:12)
  A torpor snail (Spider:1)
  2 gargoyles
  Maggie (D:9)
  19 cane toads
  A kobold demonologist (D:14)
  9 demonic crawlers
  5 rime drakes
  A freezing wraith (D:14)
  9 komodo dragons
  An ice devil (Lair:6)
  3 red devils (Lair:6)
  2 hydra zombies (Swamp:4)
  22 jumping spiders
  A tengu conjurer (D:14)
  5 death drake zombies (Swamp:4)
  2 polar bears
  4 trolls
  Grinder (D:6)
  7 tyrant leeches
  26 hornets
  2 meliai zombies
  18 blink frogs
  8 slime creatures
  A dream sheep (Lair:6)
  A dream sheep (shapeshifter) (D:15)
  5 bog bodies
  4 hippogriffs
  A centaur simulacrum (D:15)
  Sigmund (D:5)
  56 redbacks
  73 yaks
  6 wraiths
  A yak (shapeshifter) (D:14)
  3 wyverns
  8 spriggans
  A vampire (D:10)
  19 tarantellas
  6 hogs (D:14)
  A human (D:13)
  4 golden eyes (Lair:6)
  4 basilisks
  18 vampire mosquitoes
  A warg (D:12)
  5 insubstantial wisps
  8 water moccasins
  13 swamp worms
  2 hydra simulacra (Swamp:4)
  8 porcupines
  3 hell hounds (Lair:6)
  A hornet zombie (D:15)
  53 orc warriors
  A sky beast (D:6)
  11 swamp drakes
  A black bear (D:12)
  3 swamp dragon zombies (Swamp:4)
  2 ice beasts
  3 phantoms
  12 ogres
  19 centaurs
  5 boggarts (D:14)
  6 wolves (Lair:6)
  12 crocodiles
  9 big kobolds
  13 bullfrogs
  5 gnoll sergeants
  A wyvern zombie (D:12)
  6 killer bees (D:10)
  6 scorpions
  3 wights (D:9)
  4 howler monkeys
  10 electric eels
  5 centaur zombies
  2 centaur skeletons
  A human zombie (Ossuary)
  2 bullfrog zombies
  25 orc priests
  2 bullfrog skeletons
  7 hounds
  4 jellies
  32 orc wizards
  Crazy Yiuf (D:5)
  4 iguanas
  7 worker ants
  3 yak simulacra (Lair:4)
  2 polar bear simulacra (Lair:4)
  A wolf simulacrum (Lair:4)
  A big kobold zombie (Ossuary)
  2 hound skeletons
  5 mummies
  2 worker ant zombies
  19 gnolls
  14 adders
  2 shadow imps (D:6)
  5 white imps
  2 oozes (Lair:6)
  An adder skeleton (D:5)
  5 worms
  A dart slug (D:1)
  5 leopard geckos
  77 orcs
  7 bats
  3 giant cockroaches
  5 goblins
  6 hobgoblins
  3 jackals (D:4)
  16 kobolds
  5 quokkas
  A ball python (D:3)
  6 frilled lizards
  A gnoll zombie (Ossuary)
  2 goblin zombies (Ossuary)
  A hobgoblin zombie (Ossuary)
  A kobold zombie (Ossuary)
  An orc zombie (Ossuary)
  3 rats
  5 river rat simulacra (Lair:4)
  A fungus (D:5)
  2 plants
1118 creatures vanquished.

Vanquished Creatures (others)
  A spriggan druid (Swamp:4)
  3 yaks (Lair:6)
  A wight (D:10)
  An orc priest (D:13)
  3 briar patches (Swamp:4)
  6 fungi
  17 plants
  7 toadstools (Swamp:3)
39 creatures vanquished.

Grand Total: 1157 creatures vanquished

Notes
Turn   | Place    | Note
-------+----------+-------------------------------------------
     0 | D:1      | MrTaco21 the Gargoyle Fighter began the quest for the Orb.
     0 | D:1      | Reached XP level 1. HP: 14/14 MP: 1/1
    81 | D:1      | Reached XP level 2. HP: 19/19 MP: 2/2
    83 | D:1      | Found a stormy altar of Qazlal.
    99 | D:1      | Became a worshipper of Qazlal Stormbringer
   743 | D:2      | Reached XP level 3. HP: 23/23 MP: 3/3
  1043 | D:2      | Reached * piety under Qazlal
  1044 | D:2      | Reached XP level 4. HP: 27/28 MP: 4/4
  1622 | D:3      | Reached skill level 5 in Maces & Flails
  1645 | D:3      | Reached XP level 5. HP: 32/32 MP: 5/5
  2042 | D:4      | Found Agguish's Weapon Shop.
  2053 | D:4      | Noticed a big kobold
  2065 | D:4      | Killed a big kobold
  2276 | D:4      | Noticed an ogre
  2281 | D:4      | Killed an ogre
  2281 | D:4      | Reached XP level 6. HP: 37/37 MP: 6/6
  2503 | D:5      | Entered Level 5 of the Dungeon
  2517 | D:4      | Reached XP level 7. HP: 38/41 MP: 7/7
  2736 | D:5      | Noticed Sigmund
  3496 | D:5      | Found a runed translucent door.
  3497 | D:5      | Noticed Crazy Yiuf
  3502 | D:5      | Killed Crazy Yiuf
  3833 | D:6      | Noticed Grinder
  3845 | D:6      | Killed Grinder
  3845 | D:6      | Reached XP level 8. HP: 42/46 MP: 8/8
  3880 | D:6      | Reached ** piety under Qazlal
  3880 | D:6      | Reached skill level 10 in Maces & Flails
  4007 | D:6      | Found an iron altar of Okawaru.
  4026 | D:6      | You fall into a shaft and drop 3 floors!
  4029 | D:9      | Noticed Maggie
  4034 | D:9      | Noticed a yak
  4035 | D:9      | Noticed a yak
  4035 | D:9      | Noticed a yak
  4036 | D:9      | Noticed a yak
  4042 | D:9      | Noticed a yak
  4056 | D:9      | Killed a yak
  4056 | D:9      | Killed a yak
  4056 | D:9      | Killed a yak
  4056 | D:9      | Killed a yak
  4056 | D:9      | Reached XP level 9. HP: 23/51 MP: 9/9
  4056 | D:9      | Killed Maggie
  4056 | D:9      | Reached skill level 4 in Shields
  4317 | D:7      | Found a staircase to the Ecumenical Temple.
  4335 | D:7      | You fall into a shaft and drop 1 floor!
  4431 | D:8      | Reached skill level 5 in Shields
  4433 | D:8      | Reached skill level 5 in Fighting
  4585 | D:8      | Found a sand-covered staircase.
  4597 | Ossuary  | Entered an ossuary
  4708 | Ossuary  | Reached *** piety under Qazlal
  5984 | D:7      | Reached skill level 6 in Shields
  5984 | D:7      | Reached XP level 10. HP: 60/60 MP: 10/10
  6221 | D:7      | Found a sacrificial altar of Ru.
  6602 | D:6      | Got a distressingly furry tower shield
  6603 | D:6      | Identified the +7 tower shield of the Constellations {-Tele
                  | Str+6} (You found it on level 6 of the Dungeon)
  6624 | D:6      | Found Bikuem's Magic Scroll Shop.
  6632 | D:6      | Bought a scroll of enchant armour for 82 gold pieces
  6632 | D:6      | Bought a scroll of enchant weapon for 82 gold pieces
  6955 | D:5      | Killed Sigmund
  6994 | Temple   | Entered the Ecumenical Temple
  7494 | D:9      | Got a warped tin ring
  7496 | D:9      | Identified the ring of Qeeruzxocis {*Contam rF++ EV+4
                  | Dex+4} (You found it on level 9 of the Dungeon)
  7641 | D:9      | Reached skill level 7 in Shields
  7934 | D:10     | Entered Level 10 of the Dungeon
  7934 | D:10     | Found Zighef's Assorted Antiques.
  8057 | D:10     | Reached skill level 8 in Shields
  8062 | D:10     | Noticed a four-headed hydra
  8063 | D:10     | Noticed a centaur warrior
  8069 | D:10     | Noticed a centaur warrior
  8071 | D:10     | Killed a four-headed hydra
  8084 | D:10     | Killed a centaur warrior
  8084 | D:10     | Reached skill level 9 in Shields
  8097 | D:10     | Killed a centaur warrior
  8097 | D:10     | Reached XP level 11. HP: 71/71 MP: 11/11
  8109 | D:10     | Noticed a two-headed ogre
  8116 | D:10     | Killed a two-headed ogre
  8120 | D:10     | Noticed a fire dragon
  8148 | D:10     | Killed a fire dragon
  8148 | D:10     | Reached skill level 10 in Fighting
  8148 | D:10     | Reached skill level 10 in Shields
  8429 | D:10     | Found Puasch's Weapon Boutique.
  8895 | D:10     | Reached **** piety under Qazlal
  9023 | D:10     | Reached skill level 11 in Shields
  9147 | D:11     | Noticed a green ugly thing
  9234 | D:11     | Found Ocraol's Gadget Shoppe.
  9310 | D:11     | Noticed a two-headed ogre
  9317 | D:11     | Killed a two-headed ogre
  9610 | D:11     | Killed a green ugly thing
  9610 | D:11     | Reached skill level 12 in Shields
  9813 | D:11     | Found a staircase to the Lair.
  9978 | D:12     | Got a smoking robe
  9985 | D:12     | Identified the cursed +1 robe of Wrong Decisions {+Blink
                  | rElec Dex-5} (You found it on level 12 of the Dungeon)
 10069 | D:12     | Noticed Psyche
 10093 | D:12     | Killed Psyche
 10093 | D:12     | Reached XP level 12. HP: 69/78 MP: 10/12
 10175 | D:12     | Reached skill level 13 in Shields
 10188 | D:12     | Reached ***** piety under Qazlal
 10250 | D:12     | Found a staircase to the Orcish Mines.
 10486 | D:12     | Got an encrusted leather armour
 10487 | D:12     | Identified the cursed +0 leather armour of Qoycavue {-Tele
                  | Dex+5} (You found it on level 12 of the Dungeon)
 10547 | D:12     | Noticed Fannar
 10937 | D:13     | Noticed a two-headed ogre
 10946 | D:13     | Killed a two-headed ogre
 10958 | D:13     | Reached skill level 14 in Shields
 11193 | D:13     | Noticed a two-headed ogre
 11196 | D:13     | Noticed a centaur warrior
 11200 | D:13     | Killed a two-headed ogre
 11205 | D:13     | Killed a centaur warrior
 11356 | D:13     | Noticed a vault guard
 11580 | Lair:1   | Entered Level 1 of the Lair of Beasts
 11594 | Lair:1   | Reached skill level 15 in Shields
 11754 | Lair:1   | Noticed a six-headed hydra
 11765 | Lair:1   | Killed a six-headed hydra
 11765 | Lair:1   | Reached skill level 16 in Shields
 11765 | Lair:1   | Reached XP level 13. HP: 69/83 MP: 10/13
 12544 | Lair:2   | Reached skill level 17 in Shields
 12617 | Lair:2   | Found a shimmering altar of Xom.
 12684 | Lair:2   | Reached ****** piety under Qazlal
 12770 | Lair:2   | You fall into a shaft and drop 2 floors!
 12783 | Lair:4   | Found a gate leading to a gauntlet.
 12898 | Lair:4   | Found an ancient bone altar of Kikubaaqudgha.
 13338 | Lair:2   | Reached skill level 18 in Shields
 13872 | Lair:3   | Found a staircase to the Swamp.
 14322 | Lair:3   | Found a hole to the Spider Nest.
 15353 | Lair:4   | Gained mutation: Your large and strong wings let you fly
                  | indefinitely. [Gargoyle growth]
 15353 | Lair:4   | Reached XP level 14. HP: 54/88 MP: 8/14
 15843 | Lair:5   | Reached skill level 19 in Shields
 16050 | Lair:5   | Found a hide-covered altar of Uskayaw.
 17057 | Lair:6   | Entered Level 6 of the Lair of Beasts
 17415 | Lair:6   | Found a runed translucent gate.
 17415 | Lair:6   | Found a runed translucent gate.
 17415 | Lair:6   | Found a runed translucent gate.
 17416 | Lair:6   | Noticed jtd910's ghost (journeyman MiBe)
 17776 | Lair:6   | Found a burning altar of Makhleb.
 17932 | Lair:6   | Found a gateway to Hell.
 18068 | Lair:6   | Found a staircase to the Slime Pits.
 18657 | Lair:6   | Killed jtd910's ghost
 18901 | D:13     | Reached skill level 20 in Shields
 18926 | D:13     | Paralysed by an orc sorcerer for 7 turns
 19240 | D:13     | Reached XP level 15. HP: 93/93 MP: 15/15
 19241 | D:13     | Found a gate to the Vaults.
 19329 | D:13     | Noticed an orc warlord
 19340 | D:13     | Killed an orc warlord
 19414 | D:13     | Paralysed by an orc sorcerer for 6 turns
 19807 | D:13     | Found a roughly hewn altar of Beogh.
 20867 | D:14     | Found Suoppuu's General Store.
 20871 | D:14     | Bought a scroll of magic mapping for 35 gold pieces
 20913 | D:14     | Noticed Jorgrun
 20936 | D:14     | Killed Jorgrun
 21275 | D:14     | Noticed Kirke
 21673 | D:14     | Found a blossoming altar of Fedhas.
 21820 | D:14     | Noticed a sphinx
 21833 | D:14     | Killed Kirke
 21833 | D:14     | Reached skill level 5 in Armour
 21909 | D:15     | Entered Level 15 of the Dungeon
 22434 | D:15     | Found a staircase to the Depths.
 22512 | D:15     | Reached skill level 21 in Shields
 23024 | D:15     | Got an iridescent trident
 23265 | Orc:1    | Entered Level 1 of the Orcish Mines
 23304 | D:12     | Reached XP level 16. HP: 93/101 MP: 16/16
 23677 | Orc:1    | Found a shimmering altar of Xom.
 23921 | Orc:2    | Entered Level 2 of the Orcish Mines
 24520 | Orc:2    | Noticed Josephine
 24740 | Orc:1    | Killed Josephine
 25503 | Orc:2    | Found Nieciret's General Store.
 25504 | Orc:2    | Found Kajumoxo's Jewellery Shoppe.
 25505 | Orc:2    | Found Dacemp's Antique Armour Shoppe.
 25505 | Orc:2    | Found Iveiw's Antique Weapon Emporium.
 25705 | Orc:2    | Found a staircase to the Elven Halls.
 25849 | Orc:2    | Bought a glowing scarf for 216 gold pieces
 25849 | Orc:2    | Bought a pair of glowing gloves for 202 gold pieces
 25849 | Orc:2    | Bought a runed plate armour for 702 gold pieces
 25857 | Orc:2    | Bought a scroll of identify for 30 gold pieces
 25857 | Orc:2    | Bought a scroll of identify for 30 gold pieces
 25876 | Orc:2    | Bought a glowing demon whip for 630 gold pieces
 26107 | Swamp:1  | Entered Level 1 of the Swamp
 27219 | Swamp:2  | Got a serpentine amber ring
 27222 | Swamp:2  | Identified the ring "Kimorib" {MR+ Dex+4 Stlth-} (You found
                  | it on level 2 of the Swamp)
 27754 | Swamp:3  | Noticed a thorn hunter
 27762 | Swamp:3  | Killed a thorn hunter
 28312 | Swamp:3  | Reached skill level 10 in Armour
 28514 | Swamp:4  | Entered Level 4 of the Swamp
 29054 | Swamp:2  | Reached XP level 17. HP: 102/110 MP: 17/17
 29155 | Swamp:3  | Reached skill level 22 in Shields
 29570 | Swamp:4  | Identified the ring of Kyseihit {Wiz Slay+3}
 30231 | Swamp:4  | Paralysed by a vampire knight for 3 turns
 30485 | Swamp:4  | Identified the +2 war axe of Destiny {vamp, Int+6}
 30547 | Swamp:4  | Found a blossoming altar of Fedhas.
 30565 | Swamp:4  | Found a basalt altar of Yredelemnul.
 30579 | Swamp:4  | Got a decaying rune of Zot
 30628 | Swamp:4  | Found a large runed translucent door.
 30628 | Swamp:4  | Found a large runed translucent door.
 30628 | Swamp:4  | Noticed jtd910's ghost (adept HuIE)
 31029 | Swamp:4  | Killed jtd910's ghost
 31137 | Spider:1 | Entered Level 1 of the Spider Nest
 31279 | Spider:1 | Noticed Rupert
 31288 | Lair:3   | Reached skill level 15 in Fighting
 31521 | Spider:1 | Killed Rupert
 32109 | Spider:2 | Reached XP level 18. HP: 119/119 MP: 18/18
 32446 | Spider:2 | Reached skill level 23 in Shields
 32545 | Spider:2 | Found a runed translucent gate.
 32546 | Spider:2 | Found a runed translucent gate.
 32547 | Spider:2 | Found a runed translucent gate.
 32547 | Spider:2 | Noticed Caerwyn's ghost (adept MfGl)
 32547 | Spider:2 | Noticed Garesar's ghost (adept MfFi)
 32938 | Spider:2 | Killed Garesar's ghost
 32952 | Spider:2 | Killed Caerwyn's ghost
 32971 | Spider:2 | Got a shimmering trident
 33122 | Spider:3 | Noticed Arachne
 33490 | Spider:3 | Killed Arachne
 34295 | Spider:4 | Entered Level 4 of the Spider Nest
 34330 | Spider:4 | Reached skill level 24 in Shields
 34581 | Spider:4 | Noticed Agnes
 34600 | Spider:4 | Killed Agnes
 35240 | Spider:4 | Reached XP level 19. HP: 96/124 MP: 1/19
 35385 | Spider:4 | Got a gossamer rune of Zot
 35678 | Slime:1  | Entered Level 1 of the Pits of Slime
 35719 | Slime:1  | Gained mutation: Scrolls take you a little longer to read.
                  | [a shining eye]
 35720 | Slime:1  | Gained mutation: Your body sometimes deteriorates upon
                  | taking damage. [a shining eye]
 35725 | Lair:6   | Gained mutation: You occasionally shout uncontrollably at
                  | your foes. [a shining eye]
 35731 | Lair:6   | HP: 4/124 [very large slime creature (38)]
 35732 | Lair:6   | Mangled by a slime creature

Illustrated notes

Levels and vault maps discovered:
D:1:      beargit_arrival_greenhouse, layout_loops_cross, minmay_door_square,
          minmay_hexomino_r4
D:2:      wad_river_or_something, layout_rooms
D:3:      wander_river, layout_basic, minmay_misc_feat_rows
D:4:      layout_loops_ring, serial_shops, nicolae_shop_behind_doors
D:5:      layout_basic, minmay_misc_feat_more_columns, uniq_sigmund,
          uniq_crazy_yiuf_cottage
D:6:      layout_cave_pools, serial_shops, nicolae_shop_trees,
          okawaru_metal_pillars_3, uniq_grinder
D:7:      layout_basic, lemuel_coloured_pillars_altar,
          minmay_temple_entry_slanted
D:8:      layout_layer_cave, gup_ossuary_entry_pyramid
D:9:      layout_cave_pools, uniq_maggie
D:10:     minmay_the_grid_4x2 [minmay_the_grid_outer_circle,
          minmay_the_grid_dragon_a, minmay_the_grid_minigrid_small_alt,
          minmay_the_grid_gridbox, minmay_the_grid_square_x,
          minmay_the_grid_large_cup, minmay_the_grid_spikes,
          minmay_the_grid_prize_big_room], layout_irregular_city, serial_shops,
          shop, nicolae_shop_overgrown_old_shop
D:11:     layout_cave_pods, grunt_lair_entry_orc_guard_hut, serial_shops, shop
D:12:     layout_irregular_city, kennysheep_orc_monster_closet_entryway,
          uniq_fannar, uniq_psyche
D:13:     orc_temple, layout_rooms, grunt_vaults_entry_fortified,
          minmay_fractal_squares_gapless_5
D:14:     layout_basic, serial_shops, shop, fedhas_altar_fruit_tree,
          uniq_jorgrun, uniq_kirke
D:15:     grunt_enter_depths_hoard, layout_loops_corners, chequers_mini_garden,
          grunt_ministairs_14
Temple:   compressed_dpeg_triangle_lava_temple
Lair:1:   layout_chaotic_city, serial_bayou_shore_b, grunt_megastairs_4,
          serial_bayou_shore_b, infiniplex_staircase_pool,
          minmay_lair_oklob_chamber
Lair:2:   layout_regular_city, nicolae_volcano_entry_vermiform,
          lemuel_centaur_altar
Lair:3:   layout_regular_city, swamp_mist, spider_nest_entry_rubble,
          chequers_serial_rivers_small_3, serial_bayou_lake_a, lemuel_fruit_tree
Lair:4:   layout_cave_pods, gauntlet_entry_generic, basic_altar,
          eino_house_with_fridge
Lair:5:   layout_regular_city, basic_altar
Lair:6:   evil_forest, layout_regular_city, nicolae_slime_entry_slimehenge,
          ebering_ghost_rock_garden, st_stairs_11, serial_bayou_shore_b
Swamp:1:  layout_basic_swamp, evilmike_swamp_ruin_rubble_1
Swamp:2:  layout_falls_marsh, serial_swamp_ruin, evilmike_swamp_ruin_house_5,
          evilmike_swamp_ruin_wall
Swamp:3:  cheibrodos_swamp_tower_of_moss, layout_falls_marsh,
          hangedman_swamp_diagram
Swamp:4:  byrel_swamp_growth_death_and_undeath, layout_basic_swamp,
          ebering_ghost_disaster_area, swamp_pool5
Spider:1: layout_spider_delve, uniq_rupert
Spider:2: layout_spider_delve, gammafunk_ghost_cemetery
Spider:3: layout_chambers, uniq_arachne
Spider:4: spider_rune_water, uniq_agnes
Slime:1:  layout_caves, basic_altar
Orc:1:    layout_caves, basic_altar
Orc:2:    st_orc_congregation, layout_diamond_mine, mines_bat_river,
          uniq_josephine

Skill      XL: |  1  2  3  4  5  6  7  8  9 10 11 12 13 14 15 16 17 18 |
---------------+-------------------------------------------------------+-----
Maces & Flails | 3 4 5 6 7 9 11 12 13 14 | 14.0
Fighting       | 6 9 10 12 13 15 | 15.1
Shields        | 6 9 12 16 18 20 21 22 24 | 24.8
Armour         | 7 10 12 | 12.3

Action                   |  1- 3 |  4- 6 |  7- 9 | 10-12 | 13-15 | 16-18 | 19-21 || total
-------------------------+-------+-------+-------+-------+-------+-------+-------++-------
Melee: Flail             |    90 |    92 |   217 |   682 |  1459 |   346 |       ||  2886
       Unarmed           |       |       |       |       |     8 |       |       ||     8
       Demon whip        |       |       |       |       |       |  1312 |    33 ||  1345
Throw: Dart              |       |       |     4 |    15 |    15 |       |       ||    34
 Abil: Fly               |       |       |       |       |     1 |       |       ||     1
  Use: Scroll            |       |       |    18 |     7 |    14 |    14 |     2 ||    55
       Potion            |       |       |       |       |       |     1 |     2 ||     3
 Stab: Confused          |       |       |       |       |       |     1 |       ||     1
Armor: Scale mail        |    29 |       |       |       |       |       |       ||    29
       Chain mail        |    16 |    34 |    14 |       |       |       |       ||    64
       Plate armour      |       |       |   111 |   144 |   246 |   588 |    18 ||  1107
Dodge: Dodged            |    24 |    13 |    40 |    73 |   134 |   291 |    13 ||   588
       Repelled          |       |       |       |     9 |     8 |     5 |       ||    22
Block: Kite shield       |    53 |    65 |   155 |    10 |       |       |       ||   283
       Tower shield      |       |       |       |   812 |  1741 |  2396 |    16 ||  4965
       Other             |       |       |       |       |    10 |       |       ||    10
       Reflection        |       |       |       |       |       |    24 |       ||    24

Table legend: (Time is in decaauts)
 A = Elapsed time spent in this place.
 B = Non-inter-level travel time spent in this place.
 C = Inter-level travel time spent in this place.
 D = Time resting spent in this place.
 E = Time spent auto-exploring this place.
 F = Levels seen in this place.
 G = Mean time per level.
                   A        B        C        D        E       F      G
               +--------+--------+--------+--------+--------+-----+--------+
         Total |  34828 |  31992 |   2836 |   5836 |  18642 |  34 | 1024.4 |
       Dungeon |  15715 |  14572 |   1143 |   3132 |   8030 |  15 | 1047.7 |
        Temple |    280 |    269 |     11 |      0 |    268 |   1 |  280.0 |
          Lair |   7563 |   6750 |    813 |    888 |   4435 |   6 | 1260.5 |
         Swamp |   4696 |   4338 |    358 |    997 |   2426 |   4 | 1174.0 |
   Spider Nest |   3892 |   3596 |    296 |    109 |   2590 |   4 |  973.0 |
    Slime Pits |      4 |      4 |      0 |      0 |      0 |   1 |    4.0 |
  Orcish Mines |   2358 |   2145 |    213 |    610 |    781 |   2 | 1179.0 |
       Ossuary |    316 |    316 |      0 |    100 |    111 |   1 |  316.0 |
               +--------+--------+--------+--------+--------+-----+--------+
